 Dungeon Crawl Stone Soup version 0.29-a0-207-gf982a884d8 (webtiles) character file.

Game seed: 540118748111220613

405 horus123 the Skirmisher (level 6, -9/51 HPs)
             Began as a Demonspawn Gladiator on Feb 23, 2022.
             Killed by divine providence
             ... invoked by an orc priest
              (12 damage)
             ... on level 4 of the Dungeon.
             The game lasted 00:08:56 (4036 turns).

horus123 the Skirmisher (Demonspawn Gladiator)      Turns: 4036, Time: 00:08:57

Health: -9/51      AC:  7    Str: 16    XL:     6   Next: 56%
Magic:  10/10      EV: 15    Int:  9    God:
Gold:   159        SH:  0    Dex: 15    Spells: 10/11 levels left

rFire   . . .      SeeInvis .   m - +0 battleaxe
rCold   . . .      Faith    .   (shield currently unavailable)
rNeg    . . .      Spirit   .   n - +0 robe
rPois   .          Reflect  .   c - +0 helmet
rElec   .          Harm     .   (no cloak)
rCorr   .          Rampage  .   A - +2 pair of gloves
Will    .....                   l - +0 pair of boots
Stlth   +.........              (no amulet)
HPRegen 0.17/turn               (no ring)
MPRegen 0.12/turn               (no ring)

@: no status effects
A: repulsion field 1, demonic guardian 1, demonic touch 2
a: no special abilities


You were on level 4 of the Dungeon.
You visited 1 branch of the dungeon, and saw 4 of its levels.

You collected 159 gold pieces.

Inventory:

Hand Weapons
 a - a +1 war axe
 m - a +0 battleaxe (weapon)
Missiles
 d - 3 throwing nets
 h - 2 atropa-tipped darts
 s - 4 javelins
 x - 3 poisoned darts
Armour
 c - a +0 helmet (worn)
 l - a +0 pair of boots (worn)
 n - a +0 robe (worn)
 A - a +2 pair of gloves (worn)
Wands
 f - a wand of iceblast (14)
 o - a wand of acid (7)
 t - a wand of charming (11)
Scrolls
 b - a scroll of amnesia
 i - 2 scrolls of immolation
 j - a scroll of holy word
 p - a scroll of noise
 y - a scroll of teleportation
Potions
 e - a potion of degeneration
 g - 2 potions of curing {unknown}
 k - a potion of heal wounds
 q - a potion of lignification {unknown}
 r - a potion of mutation {unknown}
 u - a potion of might {unknown}
 z - 2 potions of cancellation {unknown}


   Skills:
 - Level 5.0 Fighting
 - Level 2.7 Axes
 - Level 1.8 Throwing
 - Level 2.7 Dodging
 - Level 3.0 Spellcasting
 + Level 3.3 Necromancy


You had 10 spell levels left.
You knew the following spells:

 Your Spells              Type           Power      Damage    Failure   Level
a - Pain                  Necr           28%        1d5       8%          1

Your spell library contained the following spells:

 Spells                   Type           Power      Damage    Failure   Level
 Freeze                   Ice            4%         1d3       30%         1
 Frozen Ramparts          Ice            2%         1d2       65%         3
 Anguish                  Hex/Necr       2%         N/A       83%         4
 Hailstorm                Conj/Ice       1%         3d3       96%         4
 Borgnjor's Vile Clutch   Necr/Erth      2%         N/A       99%         5


Dungeon Overview and Level Annotations

Branches:
Dungeon (4/15)
 Temple: D:4-7

Altars:

Shops:
D:2 ?   D:4 *


Innate Abilities, Weirdness & Mutations

You are surrounded by a mild repulsion field. (EV +2)
A weak demonic guardian rushes to your aid.
Your touch may inflict irresistible damage on your foes.


Message History

* * * LOW HITPOINT WARNING * * *
A demonic guardian appears!
The orc misses you.
Aiming: Corrosive Bolt
Press: ? - help, Shift-Dir - straight line, f - orc priest
Aim: an orc priest, wielding a +0 war axe and wearing a +0 leather armour (71% to hit)
The bolt of acid hits the orc.
The acid corrodes the orc!
You kill the orc!
The bolt of acid hits the orc priest!
The orc priest is heavily wounded.
The bolt of acid misses the orc priest.
The orc priest calls upon Beogh to heal the orc priest.
The orc priest is healed somewhat.
The orc wizard barely misses you.
Aiming: Corrosive Bolt
Press: ? - help, Shift-Dir - straight line, f/p - orc priest
Aim: an orc priest, wielding a +0 war axe and wearing a +0 leather armour (71% to hit)
The bolt of acid hits the orc wizard!!
The acid corrodes the orc wizard!
You kill the orc wizard!
The bolt of acid hits the orc priest!
The orc priest is severely wounded.
The orc priest calls upon Beogh to heal the orc priest.
The orc priest's wounds heal themselves!
The orc misses you.
Your iron imp hits the orc priest but does no damage.
The orc priest invokes the aid of Beogh against you.
Beogh smites you!
* * * LOW HITPOINT WARNING * * *
Your Necromancy skill increases to level 3!
You feel much better.
The orc priest hits you with a +0 dagger.
* * * LOW HITPOINT WARNING * * *
The orc closely misses you. The orc priest misses you.
The orc priest hits your iron imp but does no damage.
Your iron imp hits the orc priest.
The orc priest dies!
The orc priest invokes the aid of Beogh against you.
Beogh smites you!
* * * LOW HITPOINT WARNING * * *
The orc priest invokes the aid of Beogh against you.
Beogh smites you!
You die...

....##.# .>.. ...##.#
#...#...# .. ..<...#
#...#...# . . #..##.#
#...#...###.##.
#..##.###...#..... ...
#..#............# g.#
##..##.###...#...##o##
....##.# #.......#o{.##..
##..##.###......@o)o.....
#.........>.#.###)..##..
##..##.###...#...##5##
..........)..#.####...
##..##.###..##.# ####
#..##.# ##.##.#
#..##.####.##.####
##..##.............
.........##.##.####


You could see 2 orc priests, 2 orcs and a friendly iron imp (summoned).

Vanquished Creatures
  A gnoll sergeant (D:3)
  A scorpion (D:4)
  2 orc wizards (D:4)
  Terence (D:2)
  Robin (D:2)
  3 gnolls (D:3)
  3 adders
  An adder skeleton (D:4)
  A worm (D:2)
  2 dart slugs (D:2)
  6 orcs
  9 ball pythons
  4 endoplasms (D:1)
  4 giant cockroaches
  19 goblins
  7 hobgoblins
  6 jackals
  A quokka (D:3)
  A bat (D:3)
  6 frilled lizards
  10 kobolds
  4 rats
93 creatures vanquished.

Vanquished Creatures (collateral kills)
  An orc priest (D:4)
  An adder (D:2)
  A goblin (D:2)
3 creatures vanquished.

Grand Total: 96 creatures vanquished

Notes
Turn   | Place    | Note
-------+----------+-------------------------------------------
     0 | D:1      | horus123 the Demonspawn Gladiator began the quest for the
                  | Orb.
     0 | D:1      | Reached XP level 1. HP: 16/16 MP: 1/1
   186 | D:1      | Gained mutation: Your touch may inflict minor irresistible
                  | damage on your foes. [demonic ancestry]
   186 | D:1      | Reached XP level 2. HP: 19/23 MP: 2/2
   430 | D:1      | Reached skill level 3 in Fighting
   814 | D:2      | Gained mutation: You are surrounded by a mild repulsion
                  | field. (EV +2) [demonic ancestry]
   814 | D:2      | Reached XP level 3. HP: 12/29 MP: 3/3
  1165 | D:2      | Noticed Terence
  1166 | D:2      | Reached skill level 4 in Fighting
  1186 | D:2      | Killed Terence
  1187 | D:2      | Gained mutation: A weak demonic guardian rushes to your
                  | aid. [demonic ancestry]
  1187 | D:2      | Reached XP level 4. HP: 11/38 MP: 4/4
  1527 | D:2      | Got the Catalogue of Evil
  1564 | D:2      | Learned a level 1 spell: Pain
  1781 | D:2      | Found Eqyros's Magic Scroll Shop.
  1944 | D:2      | Noticed Robin
  2305 | D:2      | Reached skill level 5 in Fighting
  2313 | D:2      | Killed Robin
  2601 | D:3      | Reached skill level 1 in Spellcasting
  2601 | D:3      | Gained mutation: Your touch may inflict irresistible damage
                  | on your foes. [demonic ancestry]
  2601 | D:3      | Reached XP level 5. HP: 40/44 MP: 6/6
  3471 | D:4      | Reached skill level 1 in Necromancy
  3471 | D:4      | Reached XP level 6. HP: 12/51 MP: 10/10
  4023 | D:4      | Found Nuzit's Gadget Gallery.
  4034 | D:4      | HP: 1/51 [orc priest/divine providence (14)]
  4036 | D:4      | Killed from afar by an orc priest

Illustrated notes

Levels and vault maps discovered:
D:1:      giann_horns, layout_loops_cross
D:2:      layout_rooms, serial_shops, nicolae_shop_waterfront, uniq_robin,
          uniq_terence
D:3:      layout_loops_ring, grunt_ministairs_13
D:4:      layout_basic, jmf_multi_god_temple, gammafunk_ghost_grave,
          minmay_liquid_box, nicolae_shop_gadgets, uniq_natasha

Skill      XL: |  1  2  3  4  5  6 |
---------------+-------------------+-----
Fighting       | 3 4 5 |  5.0
Spellcasting   | 1 3 |  3.0
Necromancy     | 1 3 |  3.3
Axes           | |  2.7
Throwing       | |  1.8
Dodging        | |  2.7

Action                   |  1- 3 |  4- 6 || total
-------------------------+-------+-------++-------
Melee: War axe           |    86 |    95 ||   181
       Punch             |     1 |       ||     1
       Touch             |    10 |    13 ||    23
       Battleaxe         |       |    37 ||    37
Throw: Dart              |     2 |       ||     2
 Cast: Pain              |       |     2 ||     2
Evoke: Wand              |       |     6 ||     6
  Use: Scroll            |     5 |     6 ||    11
       Potion            |       |     1 ||     1
 Stab: Invisible         |     1 |       ||     1
       Sleeping          |       |     1 ||     1
Armor: Leather armour    |    23 |       ||    23
       Chain mail        |     2 |     8 ||    10
       Robe              |       |    29 ||    29
Dodge: Dodged            |    64 |   151 ||   215

Table legend: (Time is in decaauts)
 A = Elapsed time spent in this place.
 B = Non-inter-level travel time spent in this place.
 C = Inter-level travel time spent in this place.
 D = Time resting spent in this place.
 E = Time spent auto-exploring this place.
 F = Levels seen in this place.
 G = Mean time per level.
                   A        B        C        D        E       F      G
               +--------+--------+--------+--------+--------+-----+--------+
         Total |   4122 |   4097 |     25 |   1393 |   1608 |   4 | 1030.5 |
       Dungeon |   4122 |   4097 |     25 |   1393 |   1608 |   4 | 1030.5 |
               +--------+--------+--------+--------+--------+-----+--------+

Top non-repeatable levels by time:
     D:2: 1445 daAuts
     D:1: 1097 daAuts
     D:3: 983 daAuts
     D:4: 595 daAuts
